 Dungeon Crawl Stone Soup version 0.14.2 (webtiles) character file.

375 Rhok the Ruffian (level 5, -5/53 HPs)
             Began as a Troll Berserker on Dec 6, 2023.
             Was a Believer of Trog.
             Killed from afar by an orc wizard (9 damage)
             ... with a puff of flame
             ... on Level 3 of the Dungeon.
             The game lasted 00:03:25 (1581 turns).

Rhok the Ruffian (Troll Berserker)                  Turns: 1581, Time: 00:03:25

HP  -5/53        AC  5     Str 26      XL: 5   Next: 60%
MP   2/2         EV 10     Int  3      God: Trog [**....]
Gold 160         SH  0     Dex  9      Spells:  0 memorised,  4 levels left

rFire  . . .     SeeInvis .       - Unarmed
rCold  . . .     Clarity  .     b - +0 animal skin
rNeg   . . .     Conserve .     (shield restricted)
rPois  .         rCorr    .     (helmet restricted)
rElec  .         rRot     .     (no cloak)
SustAb . .       Spirit   .     (gloves unavailable)
rMut   .         Warding  .     (boots unavailable)
Gourm  +         Stasis   .     (no amulet)
MR     .....                    (no ring)
                                (no ring)

@: not resistant to hostile enchantments, very unstealthy
A: unfitting armour, claws 3, fast metabolism 3, gourmand, regeneration 2,
saprovore 2, shaggy fur 1, tough skin 2
a: Burn Spellbooks, Berserk, Trog's Hand, Renounce Religion


You were on level 3 of the Dungeon.
You worshipped Trog.
Trog was pleased with you.
You were not hungry.

You visited 1 branch of the dungeon, and saw 3 of its levels.

You collected 160 gold pieces.

Inventory:

Armour
 b - a +0 animal skin (worn)
Magical devices
 t - a wand of cold (8) {unknown}
Comestibles
 a - 4 meat rations
 i - a pear
 r - an apple
Scrolls
 c - a scroll of fear {unknown}
 f - 5 scrolls of identify {unknown}
 h - 2 scrolls of teleportation {unknown}
 k - 2 scrolls of enchant weapon II {unknown}
 l - 2 scrolls of enchant armour {unknown}
 n - a scroll of blinking {unknown}
 o - a scroll of random uselessness {unknown}
 p - a scroll of fog {unknown}
Jewellery
 d - a cursed -3,-3 ring of slaying {unknown}
 g - an uncursed ring of fire {unknown}
 m - an uncursed amulet of resist mutation {unknown}
Potions
 e - 2 potions of berserk rage {unknown}
 j - a potion of brilliance {unknown}
 q - a potion of poison {unknown}
 s - 2 potions of curing {unknown}


   Skills:
 + Level 3.5 Fighting
 + Level 3.9 Dodging
 + Level 0.1 Stealth
 + Level 4.2 Unarmed Combat


You had 4 spell levels left.
You didn't know any spells.

Dungeon Overview and Level Annotations

Branches:
Dungeon (3/15)

Altars:
Dithmenos
Fedhas


Innate Abilities, Weirdness & Mutations

You are too large for most types of armour.
You have claws for hands.
Your metabolism is lightning-fast.
You like to eat raw meat.
You heal very quickly.
You can eat rotten meat.
You are covered in fur (AC +1).
You have very tough skin (AC +2).


Message History

Something hits you but does no damage. The orc barely misses you.
Things that are here:
a chain mail; an orc corpse; a glowing leather armour; a hand axe You closely miss the orc.
The orc is heavily wounded.
The orc hits you with a short sword.
* * * LOW HITPOINT WARNING * * *
Something hits you but does no damage.
You closely miss the orc.
The orc is heavily wounded.
The orc hits you with a short sword!
* * * LOW HITPOINT WARNING * * *
Something hits you.
* * * LOW HITPOINT WARNING * * *
You claw the orc!
You kill the orc!
Trog accepts your kill.
You hear some strange, mumbled words.
The puff of flame hits you!
You die...

##############
♣♣♣♣♣♣ ♣♣♣♣♣♣♣♣
♣♣♣♣...♣♣♣♣
♣♣♣♣...%.♣♣♣♣
♣♣♣%......♣♣♣
♣♣♣...._....♣♣
♣♣♣...%.%.%.♣♣♣ ...
♣♣....@......♣♣
....#♣♣.♣..)....♣.♣♣
.....# ♣♣♣♣♣[..♣♣♣♣♣
...(..#♣♣♣♣♣♣...♣♣♣
#......#♣♣♣♣♣.....♣♣
#...............####
#..........######
#......(...#
###..........#


There were no monsters in sight!

Vanquished Creatures
  The ghost of CannibalFerox the Bolt Thrower, an average MiHu of Okawaru (D:3)
  Jessica (D:3)
  4 adders
  2 gnolls (D:1)
  A worm (D:2)
  2 giant geckos (D:1)
  An ooze (D:3)
  5 orcs (D:3)
  A ball python (D:3)
  4 giant cockroaches
  4 goblins
  9 hobgoblins
  4 kobolds
  4 bats
  2 giant newts
  6 rats
51 creatures vanquished.

Notes
Turn   | Place    | Note
--------------------------------------------------------------
     0 | D:1      | Rhok, the Troll Berserker, began the quest for the Orb.
     0 | D:1      | Reached XP level 1. HP: 22/22 MP: 1/1
   146 | D:1      | Reached XP level 2. HP: 25/29 MP: 1/1
   373 | D:1      | Reached XP level 3. HP: 36/36 MP: 2/2
   688 | D:2      | Found a shadowy altar of Dithmenos.
   750 | D:2      | Acquired Trog's second power
   768 | D:2      | Reached XP level 4. HP: 45/45 MP: 2/2
  1132 | D:3      | Noticed CannibalFerox's ghost (average MiHu)
  1142 | D:3      | Killed CannibalFerox's ghost
  1142 | D:3      | Reached XP level 5. HP: 32/53 MP: 2/2
  1369 | D:3      | Reached skill level 4 in Unarmed Combat
  1401 | D:3      | Noticed Jessica
  1406 | D:3      | Killed Jessica
  1563 | D:3      | Found a blossoming altar of Fedhas.
  1581 | D:3      | Killed from afar by an orc wizard

Action                   |  1- 3 |  4- 6 || total
-------------------------+-------+-------++-------
Melee: Unarmed           |    75 |    61 ||   136
  Use: Scroll            |       |     1 ||     1
